 Dungeon Crawl Stone Soup version 0.26-a0-611-g354ed81502 (webtiles) character file.

Game seed: 7472674631678167746

102 MrRokkomies the Digger (level 4, -1/27 HPs)
             Began as an Octopode Earth Elementalist on Sept 6, 2020.
             Slain by an ogre
             ... wielding a +0 giant club
              (21 damage)
             ... on level 5 of the Dungeon.
             The game lasted 00:06:05 (2932 turns).

MrRokkomies the Digger (OpEE)                       Turns: 2932, Time: 00:06:06

Health: -1/27      AC:  1    Str:  7    XL:     4   Next: 77%
Magic:  3/7        EV: 14    Int: 18    God:
Gold:   154        SH:  0    Dex: 12    Spells: 2/8 levels left

rFire    . . .     SeeInvis .   n - +1 short sword (venom)
rCold    . . .     Faith    .   (no shield)
rNeg     . . .     Spirit   .   (helmet restricted)
rPois    .         Reflect  .   (no amulet)
rElec    .         Harm     .   g - ring of protection from magic
rCorr    .                      (no ring)
MR       +....                  (no ring)
Stlth    +++.......             (no ring)
HPRegen  0.09/turn              (no ring)
MPRegen  0.10/turn              (no ring)
                                (no ring)
                                (no ring)

@: very slightly contaminated
A: almost no armour, stealthy swim, amphibious, 8 rings, constrict 8, camouflage
1, gelatinous body 1
a: no special abilities


You were on level 5 of the Dungeon.
You visited 1 branch of the dungeon, and saw 5 of its levels.

You collected 154 gold pieces.

Inventory:

Hand Weapons
 c - a +0 dagger
 n - a +1 short sword of venom (weapon)
Missiles
 b - 71 stones
 f - 6 poisoned darts (quivered)
Jewellery
 g - a ring of protection from magic (left tentacle)
Scrolls
 d - 2 scrolls of identify
 e - 2 scrolls of enchant armour
 l - a scroll of teleportation
Potions
 a - a potion of stabbing
 h - a potion of curing
 j - a potion of cancellation
 m - 2 potions of flight


   Skills:
 * Level 3.1 Dodging
 + Level 3.5 Stealth
 + Level 2.5 Spellcasting
 - Level 1.0 Transmutations
 * Level 4.0 Earth Magic


You had 2 spell levels left.
You knew the following spells:

 Your Spells              Type           Power        Failure   Level
a - Sandblast             Erth           ###...       3%          1
b - Passwall              Tmut/Erth      ##......     10%         2
c - Stone Arrow           Conj/Erth      #.....       22%         3

Your spell library contained the following spells:

 Spells                   Type           Power        Failure   Level
 Petrify                  Tmut/Erth      ##......     52%         4
 Lee's Rapid Deconstruct  Erth           ###.......   65%         5


Dungeon Overview and Level Annotations

Branches:
Dungeon (6/15)
 Temple: D:4-7

Altars:
Okawaru
Sif Muna
Uskayaw
Vehumet
Zin


Innate Abilities, Weirdness & Mutations

You cannot wear most types of armour.
You are very stealthy in the water. (Stealth+)
You are amphibious.
You can wear up to eight rings at the same time.
You can use your tentacles to constrict eight enemies at once.
Your skin changes colour to match your surroundings (Stealth+).
Your rubbery body absorbs attacks. (AC +1, EV +1)


Message History

Casting: Sandblast (safe; 3% risk of failure)
Confirm with . or Enter, or press ? or * to list all spells.
Aiming: Sandblast (safe; 3% risk of failure)
Press: ? - help, Shift-Dir - straight line, f/p - ogre
Aim: an ogre, wielding a +0 giant club (severely wounded, very poisoned)
The blast of sand hits the ogre!
The ogre is almost dead.
b - 71 stones The ogre hits you with a +0 giant club!
Casting: Sandblast (safe; 3% risk of failure)
Confirm with . or Enter, or press ? or * to list all spells.
Aiming: Sandblast (safe; 3% risk of failure)
Press: ? - help, Shift-Dir - straight line, f/p - ogre
Aim: an ogre, wielding a +0 giant club (almost dead, very poisoned)
You miscast Sandblast.
You are very lightly contaminated with residual magic.
Nothing appears to happen.
The ogre hits you with a +0 giant club!!
Ouch! That really hurt!
You die...

####### #.....#
#.....# # #####
#.....# ##..
#....##.....#.....
#.................
#.....@###>.......
#.....O# #.##.....
###....# #.# ....
#....# #.# ...
#.(... #.# #.((..
#.# #.(... #.#
.......#.#


You could see an ogre (very poisoned).

Vanquished Creatures
  2 adders (D:2)
  An ooze (D:1)
  3 worms (D:2)
  4 dart slugs
  A leopard gecko (D:2)
  8 bats
  3 giant cockroaches
  9 goblins
  5 hobgoblins
  9 jackals
  A frilled lizard (D:1)
  8 kobolds
  5 rats
59 creatures vanquished.

Notes
Turn   | Place    | Note
-------+----------+-------------------------------------------
     0 | D:1      | MrRokkomies the Octopode Earth Elementalist began the quest
                  | for the Orb.
     0 | D:1      | Reached XP level 1. HP: 11/11 MP: 3/3
   110 | D:1      | Reached XP level 2. HP: 17/17 MP: 5/5
   718 | D:1      | Reached XP level 3. HP: 14/21 MP: 6/6
  1568 | D:2      | Learned a level 2 spell: Passwall
  1572 | D:2      | Learned a level 3 spell: Stone Arrow
  1676 | D:2      | Reached XP level 4. HP: 27/27 MP: 7/7
  2011 | D:2      | Found a hide-covered altar of Uskayaw.
  2011 | D:2      | Found an iron altar of Okawaru.
  2012 | D:2      | Found a glowing silver altar of Zin.
  2246 | D:2      | Found a shimmering blue altar of Sif Muna.
  2276 | D:2      | Found a radiant altar of Vehumet.
  2616 | D:3      | Reached skill level 4 in Earth Magic
  2915 | D:3      | You fall into a shaft and drop 3 floors!
  2919 | D:5      | Entered Level 5 of the Dungeon
  2924 | D:5      | Noticed an ogre
  2932 | D:5      | Slain by an ogre

Illustrated notes

Levels and vault maps discovered:
D:1:      co_arrival_random_square_maze, layout_basic, minmay_bisected
D:2:      layout_loops_cross, lemuel_blue_sif_altar, lemuel_crystal_altar,
          gammafunk_temple_overflow_claw
D:3:      layout_basic, nicolae_overflow_hidden_temple, xom_butterflies
D:5:      layout_basic, minmay_temple_entry_glassed_door, uniq_edmund,
          uniq_crazy_yiuf_cottage
D:6:      layout_basic, kennysheep_mini, old_standard_altar, uniq_menkaure,
          uniq_maggie

Skill      XL: |  1  2  3  4 |
---------------+-------------+-----
Stealth        | 3 |  3.5
Dodging        | 3 |  3.1
Earth Magic    | 4 |  4.0
Spellcasting   | |  2.5
Transmutations | |  1.0

Action                   |  1- 3 |  4- 6 || total
-------------------------+-------+-------++-------
Melee: Dagger            |    71 |    23 ||    94
       Unarmed           |     1 |       ||     1
       Tentacles         |    14 |     6 ||    20
       Constrict         |    17 |     7 ||    24
       Short sword       |       |    16 ||    16
Throw: Dart              |       |     4 ||     4
 Cast: Sandblast         |    16 |    10 ||    26
  Use: Scroll            |       |     9 ||     9
 Stab: Sleeping          |    10 |    12 ||    22
Armor: Skin              |     4 |     3 ||     7
Dodge: Dodged            |    38 |    23 ||    61

Table legend: (Time is in decaauts)
 A = Elapsed time spent in this place.
 B = Non-inter-level travel time spent in this place.
 C = Inter-level travel time spent in this place.
 D = Time resting spent in this place.
 E = Time spent auto-exploring this place.
 F = Levels seen in this place.
 G = Mean time per level.
                   A        B        C        D        E       F      G
               +--------+--------+--------+--------+--------+-----+--------+
         Total |   2933 |   2851 |     82 |    238 |   2236 |   5 |  586.6 |
       Dungeon |   2933 |   2851 |     82 |    238 |   2236 |   5 |  586.6 |
               +--------+--------+--------+--------+--------+-----+--------+

Top non-repeatable levels by time:
     D:1: 1554 daAuts
     D:2: 1199 daAuts
     D:3: 162 daAuts
     D:5: 12 daAuts
     D:6: 3 daAuts
